 Dungeon Crawl Stone Soup version 0.30-a0-782-ge64f9170bb (webtiles) character file.

Game seed: 779005954954398389

93 Lobster4 the Firebug (level 4, -2/35 HPs)
             Began as a Hill Orc Fire Elementalist on Feb 19, 2023.
             Killed from afar by Natasha (7 damage)
             ... with a magic dart
             ... on level 2 of the Dungeon.
             The game lasted 00:05:40 (2373 turns).

Lobster4 the Firebug (Hill Orc Fire Elementalist)   Turns: 2373, Time: 00:05:40

Health: -2/35      AC:  2    Str: 12    XL:     4   Next: 62%
Magic:  5/7        EV: 12    Int: 15    God:
Gold:   27         SH:  0    Dex: 11    Spells: 4/7 levels left

rFire   . . .      SeeInvis .    f - +0 hand axe
rCold   . . .      Faith    .    (no shield)
rNeg    . . .      Spirit   .    a - +0 robe
rPois   .          Reflect  .    (no helmet)
rElec   .          Harm     .    (no cloak)
rCorr   .          Rampage  .    (no gloves)
Will    .....                    (no boots)
Stlth   ++                       (no amulet)
HPRegen 0.25/turn                (no ring)
MPRegen 0.10/turn                (no ring)

@: no status effects
A: no striking features
a: no special abilities


You were on level 2 of the Dungeon.
You visited 1 branch of the dungeon, and saw 2 of its levels.

You collected 27 gold pieces.

Inventory:

Hand Weapons
 f - a +0 hand axe (weapon)
 m - a +1 dagger of speed
Armour
 a - a +0 robe (worn)
 d - a +0 kite shield
 g - a +0 scale mail
Scrolls
 c - a scroll of poison {unknown}
 e - a scroll of vulnerability {unknown}
 h - 4 scrolls of identify
 i - a scroll of enchant weapon {unknown}
 k - a scroll of teleportation {unknown}
 l - a scroll of silence {unknown}
Potions
 b - a potion of magic


   Skills:
 + Level 1.4 Fighting
 + Level 1.1 Axes
 + Level 1.3 Armour
 - Level 2.0 Dodging
 - Level 1.5 Stealth
 + Level 1.2 Shields
 + Level 2.0 Spellcasting
 + Level 1.8 Conjurations
 + Level 3.6 Fire Magic


You had 4 spell levels left.
You knew the following spells:

 Your Spells              Type           Power      Damage    Failure   Level
a - Foxfire               Conj/Fire      36%        2x1d5     7%          1
b - Scorch                Fire           24%        2d6       8%          2

Your spell library contained the following spells:

 Spells                   Type           Power      Damage    Failure   Level
 Summon Small Mammal      Summ           4%         N/A       22%         1
 Inner Flame              Hex/Fire       7%         N/A       30%         3
 Kindle Blastsparks       Fire/Tloc/Air  10%        2d10      38%         3
 Call Canine Familiar     Summ           1%         N/A       54%         3
 Summon Guardian Golem    Hex/Summ       1%         N/A       54%         3
 Flame Wave               Conj/Fire      9%         2d6       56%         4


Dungeon Overview and Level Annotations

Branches:
Dungeon (2/15)

Altars:

Annotations:
D:2 Natasha, Robin


Message History

You feel invigorated.
Natasha casts a spell.
The iron imp closely misses you. Natasha claws you but does no damage.
The crimson imp hits you. The iron imp closely misses you.
The crimson imp hits you. Natasha claws you! The iron imp barely misses you.
The crimson imp barely misses you. The crimson imp barely misses you.
Natasha barely misses you. The iron imp hits you.
The crimson imp barely misses you.
The iron imp disappears in a puff of smoke!
The crimson imp hits you. Natasha casts a spell at you.
The magic dart hits you!
The crimson imp grinds its teeth.
The crimson imp hits you.
* * * LOW HITPOINT WARNING * * *
The crimson imp disappears in a puff of smoke!
Natasha closely misses you.
The crimson imp blinks!
Natasha mumbles some strange words.
Natasha shimmers violently.
Natasha claws you!
You feel less invigorated.
You feel less confused. Natasha claws you!
* * * LOW HITPOINT WARNING * * *
The crimson imp misses you.
Casting: Foxfire (safe; 7% risk of failure)
Confirm with . or Enter, or press ? or * to list all spells.
You conjure some foxfire!
Natasha claws you but does no damage. The crimson imp hits you.
* * * LOW HITPOINT WARNING * * *
Unknown command.
Casting: Foxfire (safe; 7% risk of failure)
Confirm with . or Enter, or press ? or * to list all spells.
You conjure some foxfire!
The foxfire hits the crimson imp.
The crimson imp completely resists.
The foxfire hits the crimson imp but does no damage.
Natasha casts a spell at you. The magic dart hits you!
You die...

......... #. .........
#. #........ #.
#........ #. ... #.#
#. #'# #######'## #.
#.# #........# #. #.#
.#...5h...# .. ##.#
.#....@v..# ..
##.#######.#...ยง.v..#
.##
##.#.......#######.##
. ##.#.#####.#### #.#
..
.....####.....####.#
..........###......#
....###.#.....#.####
##### #.#..(..#.#
#...###...#


You could see Natasha (ally target) and a crimson imp (summoned, ally target).

Vanquished Creatures
  Natasha (D:2)
  2 adders (D:2)
  A dart slug (D:1)
  5 ball pythons
  A bat (D:1)
  6 endoplasms
  3 giant cockroaches
  6 goblins
  8 hobgoblins
  3 jackals (D:1)
  A quokka (D:2)
  2 frilled lizards (D:1)
  A kobold (D:1)
  3 rats (D:1)
43 creatures vanquished.

Vanquished Creatures (others)
  151 foxfires
151 creatures vanquished.

Grand Total: 194 creatures vanquished

Notes
Turn   | Place    | Note
-------+----------+-------------------------------------------
     0 | D:1      | Lobster4 the Hill Orc Fire Elementalist began the quest for
                  | the Orb.
     0 | D:1      | Reached XP level 1. HP: 14/14 MP: 3/3
    25 | D:1      | Found a faded altar of an unknown god.
   241 | D:1      | Reached XP level 2. HP: 22/22 MP: 1/4
  1063 | D:1      | Reached XP level 3. HP: 27/27 MP: 0/5
  1321 | D:1      | Reached skill level 1 in Armour
  1586 | D:2      | Noticed Natasha
  1597 | D:2      | Killed Natasha
  1598 | D:2      | Reached skill level 1 in Fighting
  1598 | D:2      | Reached skill level 1 in Shields
  1598 | D:2      | Reached XP level 4. HP: 26/35 MP: 1/6
  1701 | D:2      | Learned a level 2 spell: Scorch
  1709 | D:2      | Reached skill level 1 in Axes
  1952 | D:2      | Noticed Robin
  2348 | D:2      | Noticed Natasha
  2373 | D:2      | Killed from afar by Natasha

Illustrated notes

Levels and vault maps discovered:
D:1:      dpeg_arrival_more_subterranean_lakeside_camping, layout_basic,
          serial_co_window_serial, co_window_corner_a, co_window_paths_a,
          co_window_corner_a, co_window_paths_b, co_window_corner_a,
          co_window_of_opportunity_a, co_window_paths_a, co_window_corner_a,
          co_window_paths_a, co_window_broadway_c, co_window_broadway_b,
          co_window_unsneaky_path_a, co_window_of_opportunity_c,
          glass_columns_b, hellmonk_ecumenical_altar_run_dry
D:2:      layout_basic, minmay_tromino_i2, uniq_robin, uniq_natasha

Skill      XL: |  1  2  3  4 |
---------------+-------------+-----
Armour         | 1 |  1.3
Fighting       | 1 |  1.4
Shields        | 1 |  1.2
Axes           | 1 |  1.1
Spellcasting   | 2 |  2.0
Dodging        | 2 |  2.0
Stealth        | |  1.5
Conjurations   | |  1.8
Fire Magic     | |  3.6

Action                     |  1- 3 |  4- 6 || total
---------------------------+-------+-------++-------
  Melee: Unarmed           |     1 |       ||     1
         Hand axe          |    17 |    18 ||    35
   Cast: Foxfire           |    49 |    42 ||    91
    Use: Scroll            |       |     1 ||     1
         Potion            |       |     1 ||     1
   Stab: Sleeping          |     1 |       ||     1
 Armour: Robe              |     6 |    15 ||    21
  Dodge: Dodged            |    16 |    45 ||    61

Table legend: (Time is in decaauts)
 A = Elapsed time spent in this place.
 B = Non-inter-level travel time spent in this place.
 C = Inter-level travel time spent in this place.
 D = Time resting spent in this place.
 E = Time spent auto-exploring this place.
 F = Levels seen in this place.
 G = Mean time per level.
                   A        B        C        D        E       F      G
               +--------+--------+--------+--------+--------+-----+--------+
         Total |   2381 |   2288 |     93 |    167 |   1644 |   2 | 1190.5 |
       Dungeon |   2381 |   2288 |     93 |    167 |   1644 |   2 | 1190.5 |
               +--------+--------+--------+--------+--------+-----+--------+

Top non-repeatable levels by time:
     D:1: 1680 daAuts
     D:2: 701 daAuts
